 Dungeon Crawl Stone Soup version 0.29-a0-322-g68df515428 (webtiles) character file.

Game seed: 6100401433613384715

55 Aksej the Ducker (level 3, -1/28 HPs)
             Began as a Demonspawn Gladiator on Apr 6, 2022.
             Succumbed to an adder's poison
             ... on level 2 of the Dungeon.
             The game lasted 00:02:14 (2159 turns).

Aksej the Ducker (Demonspawn Gladiator)             Turns: 2159, Time: 00:02:14

Health: -1/28      AC:  4    Str: 14    XL:     3   Next: 67%
Magic:  3/3        EV: 12    Int:  9    God:
Gold:   92         SH:  0    Dex: 16    Spells: 2/2 levels left

rFire   . . .      SeeInvis .   a - +0 flail
rCold   . . .      Faith    .   (no shield)
rNeg    . . .      Spirit   .   b - +0 leather armour
rPois   .          Reflect  .   c - +0 helmet
rElec   .          Harm     .   (no cloak)
rCorr   .          Rampage  .   (no gloves)
Will    .....                   (no boots)
Stlth   +.........              l - amulet of the acrobat
HPRegen 0.09/turn               (no ring)
MPRegen 0.08/turn               (no ring)

@: lethally poisoned (-1 -> -6)
A: demonic magic 1
a: no special abilities


You were on level 2 of the Dungeon.
You visited 1 branch of the dungeon, and saw 2 of its levels.

You collected 92 gold pieces.

Inventory:

Hand Weapons
 a - a +0 flail (weapon)
Missiles
 d - 3 throwing nets (quivered)
 e - 4 javelins
 k - 4 boomerangs
Armour
 b - a +0 leather armour (worn)
 c - a +0 helmet (worn)
 f - a +0 cloak
Jewellery
 l - an amulet of the acrobat (around neck)
Scrolls
 h - a scroll of magic mapping
 j - a scroll of teleportation {unknown}
Potions
 g - 2 potions of heal wounds {unknown}
 i - a potion of experience {unknown}


   Skills:
 * Level 2.7 Fighting
 + Level 3.1 Maces & Flails
 + Level 1.8 Throwing
 + Level 1.2 Armour
 + Level 3.1 Dodging


You had 2 spell levels left.
You didn't know any spells.
Your spell library contained the following spells:

 Spells                   Type           Power      Damage    Failure   Level
 Gell's Gravitas          Tloc           0%         N/A       83%         3
 Lesser Beckoning         Tloc           0%         N/A       83%         3
 Teleport Other           Tloc           0%         N/A       83%         3


Dungeon Overview and Level Annotations

Branches:
Dungeon (2/15)

Altars:


Innate Abilities, Weirdness & Mutations

Spells you cast may paralyse adjacent enemies.


Message History

You barely miss the adder. The adder barely misses you.
The adder closely misses you.
You closely miss the adder. The adder bites you but does no damage.
You closely miss the adder. The adder bites you. The adder barely misses you.
You barely miss the adder. The adder bites you. x2
You are poisoned.
The adder poisons you!
You closely miss the adder.
You feel sick. The adder bites you.
You miss the adder.
You feel sick. The adder bites you.
You are more poisoned.
The adder poisons you! The adder completely misses you.
You closely miss the adder.
You feel very sick. The adder bites you but does no damage.
The adder bites you.
You are too injured to fight recklessly!
You are too injured to fight recklessly!
You are too injured to fight recklessly!
You are too injured to fight recklessly!
You closely miss the adder.
You feel sick. The adder bites you.
* * * LOW HITPOINT WARNING * * *
You miss the adder.
You feel sick. The adder misses you. The adder closely misses you.
You hit the adder.
The adder is heavily wounded.
You feel sick. The adder barely misses you. x2
You closely miss the adder.
The adder is heavily wounded.
You feel sick. The adder bites you but does no damage.
You miss the adder.
The adder is heavily wounded.
* * * LOW HITPOINT WARNING * * *
You feel sick.
You are no longer poisoned.
The adder bites you.
* * * LOW HITPOINT WARNING * * *
You are lethally poisoned!
The adder poisons you! The adder bites you but does no damage.
You miss the adder.
The adder is heavily wounded.
You die...

.................... ..
... ..
.#####.##.##..####.....
#. ##.##.
..........##..# #....
..#. .....#†#####..#
....# .###.#.# ##.#
....# #.#.# #.# ...)#
#.#.# #.# ....#
#.#<######.###....###
#......./....@S......
...).......###....###
########.# ....#
#†...##### #.#### #.#
..# ..# ..#


You could see an adder.

Vanquished Creatures
  2 dart slugs
  5 ball pythons
  3 bats (D:1)
  8 endoplasms
  3 giant cockroaches (D:1)
  8 hobgoblins
  2 kobolds (D:1)
  A quokka (D:1)
  3 frilled lizards
  3 goblins
  6 rats
44 creatures vanquished.

Notes
Turn   | Place    | Note
-------+----------+-------------------------------------------
     0 | D:1      | Aksej the Demonspawn Gladiator began the quest for the Orb.
     0 | D:1      | Reached XP level 1. HP: 16/16 MP: 1/1
   303 | D:1      | Gained mutation: Spells you cast may paralyse adjacent
                  | enemies. [demonic ancestry]
   303 | D:1      | Reached XP level 2. HP: 18/22 MP: 2/2
  1248 | D:1      | Reached XP level 3. HP: 25/28 MP: 3/3
  1622 | D:1      | Reached skill level 1 in Armour
  1843 | D:2      | Found a faded altar of an unknown god.
  2158 | D:2      | HP: 1/28 [adder (1)]
  2159 | D:2      | Succumbed to an adder's poison

Illustrated notes

Levels and vault maps discovered:
D:1:      evilmike_arrival_plus, layout_basic, solitary_fountain,
          minmay_door_square, hangedman_feature_mirror,
          hangedman_decor_slide_cut
D:2:      layout_basic, basic_altar, serial_shops, shop, basic_ecumenical_altar,
          kennysheep_generic_room_9

Skill      XL: |  1  2  3 |
---------------+----------+-----
Dodging        | 3 |  3.1
Maces & Flails | 3 |  3.1
Armour         | 1 |  1.2
Fighting       | |  2.7
Throwing       | |  1.8

Action                   || total
-------------------------++-------
Melee: Flail             ||   159
       Punch             ||     1
  Use: Scroll            ||     2
Armor: Leather armour    ||    52
Dodge: Dodged            ||   111

Table legend: (Time is in decaauts)
 A = Elapsed time spent in this place.
 B = Non-inter-level travel time spent in this place.
 C = Inter-level travel time spent in this place.
 D = Time resting spent in this place.
 E = Time spent auto-exploring this place.
 F = Levels seen in this place.
 G = Mean time per level.
                   A        B        C        D        E       F      G
               +--------+--------+--------+--------+--------+-----+--------+
         Total |   2197 |   2168 |     29 |      0 |   1816 |   2 | 1098.5 |
       Dungeon |   2197 |   2168 |     29 |      0 |   1816 |   2 | 1098.5 |
               +--------+--------+--------+--------+--------+-----+--------+

Top non-repeatable levels by time:
     D:1: 1808 daAuts
     D:2: 389 daAuts
